 Dungeon Crawl Stone Soup version 0.31.0-32-g396128a36d (webtiles) character file.

Game seed: 5367296001384392538

29227 RKaid the Grappler (level 13, -4/114 HPs)
             Began as an Octopode Shapeshifter on Mar 20, 2024.
             Was an Initiate of Gozag.
             Slain by a skyshark (9 damage)
             ... while petrified by a basilisk
             ... on level 4 of the Lair of Beasts.
             The game lasted 00:44:44 (14153 turns).

RKaid the Grappler (Octopode Shapeshifter)         Turns: 14153, Time: 00:44:45

Health: -4/114     AC: 13    Str: 22    XL:     13   Next: 43%
Magic:  13/13      EV:  1    Int: 14    God:    Gozag
Gold:   2437       SH:  0    Dex: 11    Spells: 12/12 levels left

rFire   . .          .
                       - Unarmed
rCold   + . .        (shield currently unavailable)
rNeg    + + +        (helmet currently unavailable)
rPois   ∞            r - amulet of regeneration
rElec   .            o - +4 ring of protection
rCorr   +            v - +5 ring of evasion
SInv    +            w - ring of flight {+Fly}
Will    .....        A - ring "Kurafede" {^Drain rN+ rCorr SInv Stlth+}
Stlth   ++++         H - ring of protection from cold {rC+}
HPRegen 1.19/turn    K - +4 ring of slaying
MPRegen 0.13/turn    (no ring)
                     (no ring)

%: no passive effects
@: snake-form, petrified, marked, flying
A: constrict, boosted hp, almost no armour, amphibious, 8 rings, large,
(camouflage 1), (gelatinous body 1), (nimble swimmer 1), (tentacles)
a: Begin Untransformation, Renounce Religion, Potion Petition, Call Merchant,
Bribe Branch


You were on level 4 of the Lair of Beasts.
You worshipped Gozag.
Gozag was most pleased with you.
You were an enormous serpent.
You visited 4 branches of the dungeon, and saw 16 of its levels.
You also visited: Bailey.

You collected 2933 gold pieces.
You spent 429 gold pieces at shops.
You paid 67 gold pieces to Gozag.

Inventory:

Hand Weapons
 E - the +3 mace of Mana {venom, *Corrode rElec Str+3}
   (You found it on level 10 of the Dungeon)

   Str+3:     It affects your strength (+3).
   rElec:     It insulates you from electricity.
   *Corrode:  It may corrode you when you take damage.
 N - the +3 dagger of Duty {venom, Fly Int+5 Dex+2}
   (You found it on level 3 of the Lair of Beasts)

   Int+5:     It affects your intelligence (+5).
   Dex+2:     It affects your dexterity (+2).
   Fly:       It grants you flight.
Jewellery
 b - an amulet of the acrobat
   (You found it on level 10 of the Dungeon)
 k - a ring of ice {rC+, rF-}
   (You found it on level 2 of the Dungeon)
 o - a +4 ring of protection (left tentacle)
   (You found it on level 3 of the Dungeon)
 r - an amulet of regeneration (around neck)
   (You found it on level 5 of the Dungeon)
 v - a +5 ring of evasion (right tentacle)
   (You found it on level 6 of the Dungeon)
 w - a ring of flight (on tentacle) {+Fly}
   (You found it on level 6 of the Dungeon)
 A - the ring "Kurafede" (on tentacle) {^Drain rN+ rCorr SInv Stlth+}
   (You acquired it on level 7 of the Dungeon)

   [ring of see invisible]

   rN+:       It protects you from negative energy.
   SInv:      It lets you see invisible.
   rCorr:     It protects you from acid and corrosion.
   ^Drain:    It drains your maximum health when unequipped.
   Stlth+:    It makes you more stealthy.
 H - a ring of protection from cold (on tentacle) {rC+}
   (You found it on level 2 of the Lair of Beasts)
 K - a +4 ring of slaying (on tentacle)
   (You found it on level 8 of the Dungeon)
Talismans
 q - a flux talisman
 u - a serpent talisman (active)
   (You found it on level 6 of the Dungeon)
Wands
 i - a wand of iceblast (2)
   (You found it on level 2 of the Lair of Beasts)
 s - a wand of light (16)
   (You found it on level 6 of the Dungeon)
 D - a wand of digging (6)
   (You found it on level 3 of the Lair of Beasts)
 F - a wand of flame (19)
   (You took it off Maurice on level 9 of the Dungeon)
Scrolls
 d - 2 scrolls of brand weapon
 e - a scroll of fear {unknown}
 g - a scroll of revelation
 l - 3 scrolls of blinking {!r}
 t - 2 scrolls of teleportation
 z - 2 scrolls of fog
 B - 3 scrolls of poison
Potions
 a - 2 potions of degeneration {unknown}
 c - 6 potions of curing
 f - 2 potions of enlightenment {unknown}
 h - 6 potions of heal wounds
 m - 2 potions of attraction {!q}
 n - 2 potions of might
 p - 2 potions of invisibility
 x - 2 potions of cancellation
 C - 2 potions of magic
 I - 3 potions of haste
 J - 2 potions of mutation {!q!q}
 L - a potion of berserk rage {!q}
 M - a potion of resistance {unknown}
Miscellaneous
 G - a phantom mirror
   (You found it on level 1 of the Lair of Beasts)


   Skills:
 + Level 11.5 Fighting
 + Level 11.0 Dodging
 - Level 5.0 Stealth
 + Level 11.8 Unarmed Combat
 + Level 11.0 Shapeshifting


You had 12 spell levels left.
You didn't know any spells.
Your spell library contained the following spells:

 Spells                   Type           Power      Damage    Failure   Level
 Magic Dart               Conj           0%         1d3       28%         1
 Call Imp                 Summ           0%         N/A       41%         2
 Searing Ray              Conj           0%         2d4       41%         2
 Sublimation of Blood     Necr           0%         N/A       41%         2
 Call Canine Familiar     Summ           0%         N/A       65%         3
 Frozen Ramparts          Ice            0%         1d1       65%         3
 Hailstorm                Conj/Ice       0%         3d5       65%         3
 Sigil of Binding         Hex            0%         N/A       65%         3
 Summon Ice Beast         Ice/Summ       0%         N/A       65%         3
 Dimensional Bullseye     Hex/Tloc       0%         N/A       96%         4
 Fulminant Prism          Conj/Alch      0%         3d5       96%         4
 Leda's Liquefaction      Alch/Erth      0%         N/A       96%         4
 Petrify                  Alch/Erth      0%         N/A       96%         4
 Metabolic Englaciation   Hex/Ice        0%         N/A       100%        5
 Sculpt Simulacrum        Ice/Alch       0%         N/A       100%        6
 Summon Hydra             Summ           0%         N/A       100%        7


Dungeon Overview and Level Annotations

Branches:
Dungeon (10/15)            Temple (1/1) D:5            Lair (4/5) D:9
  Swamp (0/4) Lair:3        Snake (1/4) Lair:3        Slime (0/5) Lair:4
    Orc (0/2) D:10         Bailey (visited)

Altars:
Ashenzari
Cheibriados
Dithmenos
Elyvilon
Fedhas
Gozag
Hepliaklqana
Kikubaaqudgha
Makhleb
Nemelex Xobeh
Okawaru
Qazlal
Ru
Sif Muna
Trog
Uskayaw
Vehumet
Wu Jian
Xom
Yredelemnul
Zin
The Shining One
Jiyva

Shops:
D:8 !

Annotations:
D:10 exclusions: 2 doors, soul eater and sun demon
Lair:2 3 runed translucent doors, TangoThomas's ghost, journeyman DsCA


Innate Abilities, Weirdness & Mutations

You are an enormous serpent.
You have a powerful constriction melee attack.
Your maximum health is increased.
Your armour is entirely melded.
You are incapable of wielding weapons or throwing items.
You cannot wear most types of armour.
You are amphibious.
You can wear up to eight rings at the same time.
((Your skin changes colour to match your surroundings (Stealth+).))
((Your rubbery body absorbs attacks. (AC +1, EV +1)))
((You are camouflaged when in or above water. (Stealth+)))
((You have tentacles for arms and can constrict up to eight enemies at once.))


Message History

Your grab misses the skyshark. The skyshark barely misses you.
The skyshark tail-slaps you!
The skyshark tail-slaps you but does no damage.
The blink frog is distracted by your dazzling golden aura.
You barely miss the skyshark.
The blink frog gives a loud, deep croak!
Your grab misses the skyshark.
The skyshark bites you but does no damage.
The skyshark barely misses you. The skyshark completely misses you.
The basilisk closely misses you.
You lash the skyshark! Your grab misses the skyshark.
A cane toad comes into view.
The skyshark is distracted by your dazzling golden aura.
The basilisk gazes at you.
You are slowing down.
As you read the scroll labelled CICWAE BYEXIU, it crumbles to dust.
It is a scroll of enchant weapon.
You aren't carrying any weapons that can be enchanted.
The blink frog blinks!
The cane toad is distracted by your dazzling golden aura.
The blink frog blinks!
The basilisk bites you!
The blink frog blinks!
A blink frog comes into view.
Your limbs are stiffening.
As you read the scroll labelled BUCKAPH LELORE, it crumbles to dust.
It is a scroll of amnesia.
You feel forgetful for a moment.
The skyshark is no longer distracted by gold.
The blink frog is no longer distracted by gold.
The cane toad is no longer distracted by gold.
The blink frog blinks!
The skyshark bites you.
The skyshark tastes blood and grows stronger!
The skyshark barely misses you.
The skyshark tail-slaps you but does no damage.
The blink frog blinks!
The basilisk gazes at you.
Your limbs have turned to stone.
The skyshark bites you!
The skyshark enters a blood-rage!
The skyshark tail-slaps you but does no damage.
The skyshark closely misses you.
The blink frog is distracted by your dazzling golden aura.
The basilisk bites you but does no damage.
The blink frog blinks!
You have turned to stone.
The cane toad completely misses you. The skyshark bites you.
The skyshark tail-slaps you but does no damage. x2
The basilisk bites you but does no damage.
The skyshark bites you! The skyshark tail-slaps you.
The skyshark tail-slaps you but does no damage.
The cane toad stings you but does no damage.
The blink frog blinks!
The skyshark bites you. The skyshark tail-slaps you.
The skyshark tail-slaps you! The basilisk gazes at you.
You easily resist.
The skyshark bites you! The skyshark tail-slaps you.
The skyshark tail-slaps you but does no damage.
The blink frog hits you but does no damage.
The cane toad stings you!
The basilisk bites you but does no damage.
The skyshark bites you but does no damage.
The skyshark tail-slaps you but does no damage. x2
The blink frog blinks!
The cane toad stings you but does no damage.
The skyshark bites you! The skyshark tail-slaps you! x2
The basilisk bites you!
The blink frog is no longer distracted by gold.
The skyshark bites you! The skyshark tail-slaps you!
The skyshark tail-slaps you but does no damage.
The cane toad stings you!
A water moccasin comes into view.
The basilisk gazes at you.
You easily resist.
The blink frog blinks!
The skyshark bites you!
* * * LOW HITPOINT WARNING * * *
The skyshark tail-slaps you but does no damage.
The skyshark tail-slaps you.
* * * LOW HITPOINT WARNING * * *
The cane toad stings you but does no damage.
The blink frog blinks!
The skyshark bites you!
* * * LOW HITPOINT WARNING * * *
The skyshark tail-slaps you.
* * * LOW HITPOINT WARNING * * *
The skyshark completely misses you. The basilisk bites you!
* * * LOW HITPOINT WARNING * * *
A blink frog comes into view. x2
The cane toad stings you!
* * * LOW HITPOINT WARNING * * *
The skyshark bites you!
* * * LOW HITPOINT WARNING * * *
The skyshark tail-slaps you.
* * * LOW HITPOINT WARNING * * *
The skyshark tail-slaps you but does no damage.
The blink frog blinks!
A water moccasin comes into view.
The cane toad stings you.
* * * LOW HITPOINT WARNING * * *
The basilisk bites you.
* * * LOW HITPOINT WARNING * * *
The blink frog moves out of view.
The skyshark bites you!!
You die...
Your body crumbles into a pile of gold.

#.. PP #.F ..... .P
.. ##... ....... ..
... ..S# ....... ##
..# ##..## .......
P[..##..FF# ##.......
# ...#.##.lF#
#........ #
P...#..<.S###........
.
........$F..S..F.....
.
......$$P.....$......
....
.####.#P.........#P..
#..# #.# #
##F.###....# ...# #.#
#.## .....# #..# ..#
##.# .....# P..# #.#
#..# ##...P# #..# #.#
##.# #...##


You could see a skyshark (berserk), a cane toad, a basilisk, 5 blink frogs and 2
water moccasins.

Vanquished Creatures
  A hydra (Lair:2)
  A catoblepas (Lair:2)
  An orc high priest (Bailey)
  A skyshark (Lair:1)
  A sixfirhy (D:10)
  A bog body (Lair:3)
  An orange crystal statue (D:8)
  An orc knight (Bailey)
  An oklob plant (Lair:3)
  Maurice (D:9)
  A salamander (Lair:3)
  3 elephants (Lair:1)
  6 black mambas
  10 cane toads
  A smoke demon (D:10)
  A kobold demonologist (Bailey)
  An unseen horror (D:10)
  2 rime drakes
  3 komodo dragons
  An ice devil (D:10)
  2 red devils (D:10)
  2 hellwings (D:10)
  A troll (D:10)
  A polar bear (Lair:2)
  Grinder (D:6)
  Prince Ribbit (D:5)
  15 blink frogs
  2 spriggans (Lair:1)
  A wraith (D:10)
  2 wyverns
  A shadow (D:10)
  18 yaks
  Eustachio (D:4)
  2 chaos spawn (D:10)
  5 water moccasins
  An acid dragon (D:9)
  A naga (Lair:3)
  An ice beast (D:5)
  2 sky beasts
  5 black bears
  14 orc warriors
  6 wolves (Lair:1)
  3 ogres (D:5)
  A centaur (D:5)
  2 phantoms
  2 kobold brigands
  8 bullfrogs
  5 scorpions
  9 wights (D:8)
  11 killer bees
  A howler monkey (D:7)
  7 electric eels
  A bombardier beetle (D:6)
  4 lava snakes (D:8)
  4 quasits (D:10)
  4 jellies
  3 hounds
  5 orc priests
  A gnoll bouda (D:8)
  A sleepcap (D:4)
  Natasha (thrice) (D:3)
  4 iguanas
  7 hell rats (Lair:2)
  10 orc wizards
  10 gnolls
  6 adders
  2 shadow imps
  2 white imps
  2 dart slugs
  3 ribbon worms
  47 orcs
  3 ball pythons
  5 bats
  5 endoplasms
  5 giant cockroaches
  16 goblins
  8 hobgoblins
  2 jackals (D:1)
  2 quokkas (D:4)
  7 kobolds
  3 rats
348 creatures vanquished.

Notes
Turn   | Place    | Note
-------+----------+-------------------------------------------
     0 | D:1      | RKaid the Octopode Shapeshifter began the quest for the
                  | Orb.
     0 | D:1      | Reached XP level 1. HP: 13/13 MP: 1/1
   254 | D:1      | Reached XP level 2. HP: 18/18 MP: 2/2
   783 | D:2      | Reached XP level 3. HP: 23/23 MP: 3/3
  1347 | D:2      | Reached skill level 2 in Fighting
  1347 | D:2      | Reached XP level 4. HP: 20/29 MP: 4/4
  1616 | D:3      | Noticed Natasha
  1623 | D:3      | Killed Natasha
  1727 | D:3      | Noticed Natasha
  1730 | D:3      | Killed Natasha
  1731 | D:3      | Reached skill level 3 in Dodging
  1731 | D:3      | Reached XP level 5. HP: 27/35 MP: 5/5
  1837 | D:3      | Noticed Natasha
  1846 | D:3      | Killed Natasha
  2057 | D:4      | Reached skill level 4 in Unarmed Combat
  2156 | D:4      | Reached XP level 6. HP: 41/41 MP: 6/6
  2172 | D:4      | Reached skill level 3 in Fighting
  2172 | D:4      | Reached skill level 4 in Shapeshifting
  2767 | D:4      | Noticed Eustachio
  2772 | D:4      | Killed Eustachio
  2773 | D:4      | Reached skill level 4 in Dodging
  2773 | D:4      | Reached XP level 7. HP: 42/46 MP: 7/7
  3073 | D:5      | Entered Level 5 of the Dungeon
  3314 | D:5      | Reached skill level 4 in Fighting
  3314 | D:5      | Reached skill level 5 in Unarmed Combat
  3472 | D:5      | Reached skill level 5 in Shapeshifting
  3472 | D:5      | Reached XP level 8. HP: 37/54 MP: 8/8
  3589 | D:5      | Found a staircase to the Ecumenical Temple.
  3639 | D:5      | Noticed Prince Ribbit
  3652 | Temple   | Entered the Ecumenical Temple
  3673 | Temple   | Became a worshipper of Gozag Ym Sagoz the Greedy
  3849 | D:5      | Reached skill level 5 in Dodging
  3891 | D:5      | Killed Prince Ribbit
  3892 | D:5      | Reached skill level 5 in Fighting
  3925 | D:5      | Reached skill level 6 in Unarmed Combat
  4136 | D:6      | Reached XP level 9. HP: 60/61 MP: 9/9
  4147 | D:6      | Found a sacrificial altar of Ru.
  4414 | D:6      | Noticed Grinder
  4419 | D:6      | Paralysed by Grinder for 4 turns
  4430 | D:6      | Killed Grinder
  4431 | D:6      | Reached skill level 6 in Dodging
  4431 | D:6      | Reached skill level 6 in Shapeshifting
  5127 | D:7      | Reached skill level 6 in Fighting
  5226 | D:7      | Found a flagged portal.
  5238 | Bailey   | Entered a bailey
  5267 | Bailey   | Reached skill level 7 in Unarmed Combat
  5323 | Bailey   | Noticed an orc high priest
  5325 | Bailey   | Noticed a soul eater
  5328 | Bailey   | Noticed a soul eater
  5414 | Bailey   | Noticed an orc knight
  5451 | Bailey   | Killed an orc knight
  5452 | Bailey   | Reached skill level 7 in Dodging
  5458 | Bailey   | Reached skill level 7 in Shapeshifting
  5458 | Bailey   | Reached XP level 10. HP: 41/69 MP: 10/10
  5487 | Bailey   | Killed an orc high priest
  5488 | Bailey   | Reached skill level 7 in Fighting
  5702 | Bailey   | Reached skill level 8 in Unarmed Combat
  5881 | Bailey   | Found an iron altar of Okawaru.
  5883 | Bailey   | Noticed a kobold demonologist
  5896 | Bailey   | Killed a kobold demonologist
  6145 | D:7      | Acquired the ring "Kurafede" {^Drain rN+ rCorr SInv Stlth+}
  6161 | D:7      | Reached skill level 8 in Dodging
  6666 | D:7      | Reached skill level 8 in Fighting
  7072 | D:8      | Reached skill level 8 in Shapeshifting
  7135 | D:8      | Noticed an orange crystal statue
  7486 | D:8      | Reached XP level 11. HP: 63/77 MP: 11/11
  8111 | D:9      | Found a staircase to the Lair.
  8175 | D:9      | Noticed Maurice
  8187 | D:9      | Maurice stole a flux talisman
  8189 | D:9      | Killed Maurice
  8190 | D:9      | Reached skill level 9 in Unarmed Combat
  8267 | D:9      | Found a shadowy altar of Dithmenos.
  8351 | D:10     | Entered Level 10 of the Dungeon
  8363 | D:10     | Identified the +3 mace of Mana {venom, *Corrode rElec
                  | Str+3}
  8371 | D:10     | Noticed a sun demon
  8371 | D:10     | Noticed a soul eater
  8411 | D:10     | Noticed a sixfirhy
  8421 | D:10     | Killed a sixfirhy
  8591 | D:10     | Reached skill level 9 in Dodging
  8763 | D:10     | Reached skill level 9 in Fighting
  8976 | D:10     | Reached skill level 9 in Shapeshifting
  9186 | D:10     | Found a staircase to the Orcish Mines.
  9294 | Lair:1   | Entered Level 1 of the Lair of Beasts
  9430 | Lair:1   | Found an ancient bone altar of Kikubaaqudgha.
  9703 | Lair:1   | Reached skill level 10 in Unarmed Combat
  9706 | Lair:1   | Reached XP level 12. HP: 86/86 MP: 12/12
  9746 | Lair:1   | Noticed a skyshark
  9759 | Lair:1   | Killed a skyshark
  9847 | Lair:1   | Reached skill level 10 in Dodging
  9923 | Lair:1   | Reached skill level 10 in Fighting
 10734 | Lair:2   | Noticed a catoblepas
 10745 | Lair:2   | Killed a catoblepas
 10787 | Lair:2   | Reached skill level 10 in Shapeshifting
 10952 | Lair:2   | Found a runed translucent gate.
 10952 | Lair:2   | Found a runed translucent gate.
 10953 | Lair:2   | Found a runed translucent gate.
 10958 | Lair:2   | Reached skill level 1 in Stealth
 10967 | Lair:2   | Noticed TangoThomas's ghost (journeyman DsCA)
 10970 | Lair:2   | Found a viscous altar of Jiyva.
 11090 | Lair:2   | Reached skill level 2 in Stealth
 11424 | Lair:2   | Noticed a four-headed hydra
 11440 | Lair:2   | Killed a four-headed hydra
 11441 | Lair:2   | Reached skill level 3 in Stealth
 11910 | Lair:2   | Reached skill level 11 in Unarmed Combat
 12419 | D:8      | Reached skill level 4 in Stealth
 12518 | D:8      | Found Gerexada's Distillery.
 12527 | D:8      | Bought a potion of haste for 130 gold pieces
 12527 | D:8      | Bought a potion of haste for 130 gold pieces
 12527 | D:8      | Bought a potion of heal wounds for 65 gold pieces
 12527 | D:8      | Bought a potion of berserk rage for 65 gold pieces
 12527 | D:8      | Bought a potion of curing for 39 gold pieces
 12855 | Lair:3   | Found a staircase to the Snake Pit.
 12868 | Lair:3   | Reached XP level 13. HP: 94/94 MP: 13/13
 12998 | Lair:3   | Identified the +0 ring mail of the Everdark {rC+ Int+2
                  | Dex-3}
 13021 | Lair:3   | Reached skill level 11 in Fighting
 13021 | Lair:3   | Reached skill level 5 in Stealth
 13402 | Lair:3   | Identified the +3 dagger of Duty {venom, Fly Int+5 Dex+2}
 13636 | Lair:3   | Found a staircase to the Swamp.
 13791 | Snake:1  | Entered Level 1 of the Snake Pit
 14033 | Lair:4   | Found a viscous altar of Jiyva.
 14034 | Lair:4   | Found a staircase to the Slime Pits.
 14124 | Lair:4   | Reached skill level 11 in Dodging
 14126 | Lair:4   | Reached skill level 11 in Shapeshifting
 14151 | Lair:4   | HP: 26/114 [skyshark (6)]
 14152 | Lair:4   | HP: 6/114 [skyshark (7)]
 14153 | Lair:4   | Slain by a skyshark

Illustrated notes

Levels and vault maps discovered:
D:1:      saegor_arrival_simple_c, layout_loops_cross,
          chequers_serial_rivers_micro_b
D:2:      layout_loops_ring
D:3:      layout_rooms, uniq_natasha
D:4:      layout_loops_ring, uniq_eustachio
D:5:      layout_rooms, minmay_temple_entry_waves, kennysheep_generic_room_16,
          uniq_prince_ribbit1
D:6:      layout_cave_pods, mainiacjoe_overflow_chevrons,
          grunt_decor_one_mirror, uniq_grinder
D:7:      layout_basic, enter_bailey_2, eino_jars
D:8:      layout_gridville, serial_shops, shop, disabler_island
D:9:      layout_rooms, nicolae_dithmenos_through_a_glass_darkly,
          lair_entry_dummy, uniq_maurice
D:10:     minmay_polygon_palace, layout_irregular_city, serial_demonic,
          serial_demonic_a, serial_demonic_d, serial_demonic_a,
          serial_demonic_c, serial_demonic_a, serial_demonic_b,
          minmay_misc_feat_hallway
Temple:   nicolae_temple_slightly_damp_pantheon
Lair:1:   wad_woods_stonehenge, layout_small_grid
Lair:2:   layout_layer_cave, gammafunk_ghost_ooze
Lair:3:   layout_cave_pods, nicolae_swamp_entry_splash_gauntlet,
          alex1729_snake_entry_snake, serial_bayou_shore_b,
          infiniplex_staircase_pool
Lair:4:   layout_small_grid, minmay_slime_entry_oklob_enclosed,
          infiniplex_staircase_pool_2, grunt_megastairs_4
Snake:1:  layout_grid_maze, uniq_donald

Skill      XL: |  1  2  3  4  5  6  7  8  9 10 11 12 13 |
---------------+----------------------------------------+-----
Fighting       | 2 3 4 5 6 8 9 10 11 | 11.5
Dodging        | 3 4 5 7 8 9 10 11 | 11.0
Unarmed Combat | 4 5 6 7 8 10 11 | 11.8
Shapeshifting  | 4 5 7 8 9 10 11 | 11.0
Stealth        | 4 5 |  5.0

Action                     |  1- 3 |  4- 6 |  7- 9 | 10-12 | 13-15 || total
---------------------------+-------+-------+-------+-------+-------++-------
  Melee: Unarmed           |    53 |    87 |   210 |   571 |   105 ||  1026
         Constrict         |    18 |    23 |    47 |   116 |    27 ||   231
         Punch             |     3 |     4 |     8 |    11 |       ||    26
         Tentacles         |     9 |    13 |    42 |    35 |       ||    99
  Evoke: Wand              |       |       |       |    15 |       ||    15
    Use: Scroll            |       |     5 |     4 |     7 |     2 ||    18
         Potion            |       |     1 |     4 |       |       ||     5
   Stab: Sleeping          |     4 |     9 |     1 |    14 |     5 ||    33
         Distracted        |       |       |     3 |     2 |     2 ||     7
         Invisible         |       |       |       |     1 |       ||     1
 Armour: Skin              |    19 |    47 |    93 |   260 |    91 ||   510
  Dodge: Dodged            |    26 |    36 |   126 |   398 |    78 ||   664
   Form: Serpent           |       |       |       |     1 |       ||     1

Table legend: (Time is in decaauts)
 A = Elapsed time spent in this place.
 B = Non-inter-level travel time spent in this place.
 C = Inter-level travel time spent in this place.
 D = Time resting spent in this place.
 E = Time spent auto-exploring this place.
 F = Levels seen in this place.
 G = Mean time per level.
                   A        B        C        D        E       F      G
               +--------+--------+--------+--------+--------+-----+--------+
         Total |  14001 |  13094 |    907 |   1426 |   7665 |  17 |  823.6 |
       Dungeon |   8840 |   8318 |    522 |   1231 |   4589 |  10 |  884.0 |
        Temple |     42 |      2 |     40 |      0 |      0 |   1 |   42.0 |
          Lair |   4257 |   3912 |    345 |    137 |   2973 |   4 | 1064.2 |
     Snake Pit |      1 |      1 |      0 |      0 |      0 |   1 |    1.0 |
        Bailey |    860 |    860 |      0 |     57 |    103 |   1 |  860.0 |
               +--------+--------+--------+--------+--------+-----+--------+

Top non-repeatable levels by time:
  Lair:2: 1417 daAuts
  Lair:1: 1382 daAuts
     D:8: 1275 daAuts
     D:4: 1173 daAuts
  Lair:3: 1147 daAuts
     D:7: 1087 daAuts
     D:6: 990 daAuts
    D:10: 892 daAuts
  Bailey: 860 daAuts
     D:5: 827 daAuts
     D:2: 761 daAuts
     D:1: 704 daAuts
     D:9: 569 daAuts
     D:3: 559 daAuts
  Lair:4: 310 daAuts

Table legend:
 A = Kills in this place as a percentage of kills in the entire game.
 B = Kills by you in this place as a percentage of kills by you in the entire game.
 C = Kills by friends in this place as a percentage of kills by friends in the entire game.
 D = Other kills in this place as a percentage of other kills in the entire game.
 E = Experience gained in this place as a percentage of experience gained in the entire game.
 F = Experience gained in this place divided by the number of levels of this place that you have seen.
                   A       B       C       D       E      F
               +-------+-------+-------+-------+-------+----------------------
         Total | 100.0 | 100.0 |   N/A |   N/A | 100.0 | 2456.1
       Dungeon |  62.6 |  62.6 |   N/A |   N/A |  31.4 | 1312.7
          Lair |  26.7 |  26.7 |   N/A |   N/A |  59.7 | 6227.2
        Bailey |  10.6 |  10.6 |   N/A |   N/A |   8.9 | 3718.0
               +-------+-------+-------+-------+-------+----------------------
